 Dungeon Crawl Stone Soup version 0.20.1-1-g8b1a95d66d (webtiles) character file.

1115 Jynx the Changer (level 8, -10/59 HPs)
             Began as a Red Draconian Transmuter on Dec 27, 2017.
             Hit by a stone thrown by an orc warrior (16 damage)
             ... on level 6 of the Dungeon.
             The game lasted 00:10:33 (6376 turns).

Jynx the Changer (Red Draconian Transmuter)         Turns: 6376, Time: 00:10:34

Health: -10/59     AC:  6    Str: 12      XL:     8   Next: 12%
Magic:  9/14       EV: 12    Int: 14      God:
Gold:   297        SH:  0    Dex: 13 (14) Spells: 4/15 levels left

rFire    + . .     SeeInvis .     - Unarmed
rCold    . . .     Gourm    +   (no shield)
rNeg     . . .     Faith    .   (armour unavailable)
rPois    +         Spirit   .   (helmet restricted)
rElec    .         Reflect  .   (no cloak)
rCorr    .         Harm     .   (no gloves)
MR       .....                  (no boots)
Stlth    +.........             k - amulet of the gourmand
Regen    0.2/turn               y - ring of poison resistance
MPRegen  0.2/turn               (no ring)

@: no status effects
A: breathe fire, unfitting armour, fire resistance 1, cold-blooded, AC +6
a: Breathe Fire


You were on level 6 of the Dungeon.
You were completely stuffed.

You visited 2 branches of the dungeon, and saw 7 of its levels.
You also visited: Ossuary.

You collected 297 gold pieces.

Inventory:

Missiles
 a - 65 arrows
Jewellery
 k - an amulet of the gourmand (around neck)
 y - a ring of poison resistance (left hand)
Wands
 q - a wand of acid (5/15)
 x - a wand of scattershot (5/9)
Scrolls
 o - a scroll of magic mapping {unknown}
 p - 2 scrolls of teleportation
 s - a scroll of recharging
 t - a scroll of immolation
Potions
 e - 4 potions of agility
 g - a potion of brilliance {unknown}
 h - a potion of mutation {unknown}
 i - 2 potions of heal wounds {unknown}
 j - a potion of degeneration {unknown}
 l - 3 potions of invisibility
 m - a potion of flight {unknown}
 r - a potion of lignification {unknown}
 u - a potion of haste {unknown}
 v - 2 potions of curing
 z - 2 potions of might {unknown}
Books
 b - a book of Changes

   Spells                             Type                      Level
   a - Beastly Appendage              Transmutation                1
   b - Sticks to Snakes               Transmutation                2
   c - Spider Form                    Transmutation/Poison         3
   d - Ice Form                       Ice/Transmutation            4
   e - Blade Hands                    Transmutation                5
Comestibles
 c - 3 bread rations
 d - 6 royal jellies
 f - 2 meat rations
 n - 8 fruits
 w - 3 chunks of flesh


   Skills:
 - Level 1.1 Fighting
 - Level 1.7 Dodging
 + Level 5.3 Unarmed Combat
 + Level 4.3 Spellcasting
 * Level 6.3 Transmutations
 + Level 3.8 Poison Magic


You had 4 spell levels left.
You knew the following spells:

 Your Spells              Type           Power        Failure   Level  Hunger
a - Beastly Appendage     Tmut           ###...       1%          1    None
b - Sticks to Snakes      Tmut           ###.....     1%          2    ##.....
c - Spider Form           Tmut/Pois      ###.......   7%          3    ###....
d - Blade Hands           Tmut           ###.......   36%         5    ######.


Dungeon Overview and Level Annotations

Branches:
Dungeon (6/15)             Temple (1/1) D:6

Altars:
Ashenzari
Cheibriados
Elyvilon
Fedhas
Hepliaklqana
Kikubaaqudgha
Nemelex Xobeh
Qazlal
Ru
Sif Muna
Trog
Uskayaw
Vehumet
Xom
Yredelemnul
Zin

Shops:
D:5 =


Innate Abilities, Weirdness & Mutations

You can breathe blasts of fire.
Your fiery red scales are hard. (AC +6)
You cannot fit into any form of body armour.
Your flesh is heat resistant. (rF+)
You are cold-blooded and may be slowed by cold attacks.


Message History

Your ball python barely misses the orc warrior.
Your ball python grabs the orc warrior.
Your ball python constricts the orc warrior.
Your ball python completely misses the orc warrior.
The orc warrior hits your ball python but does no damage.
Your ball python barely misses the orc warrior.
Your ball python constricts the orc warrior.
Your ball python bites the orc warrior but does no damage.
Your ball python bites the orc warrior but does no damage.
Your ball python constricts the orc warrior.
The orc warrior hits your ball python with a glaive.
Your ball python dies!
Your ball python bites the orc warrior but does no damage.
Your ball python closely misses the orc warrior.
Your ball python bites the orc warrior but does no damage.
Your ball python grabs the orc warrior.
Your ball python constricts the orc warrior.
Your ball python barely misses the orc warrior.
The orc warrior throws a stone.
The stone hits you!
You die...

#.#......# #.####.# #..##.(
#.###########......# ##.##..
#..................# ###.##..
#############......# #.o.....
#........#.......# #.#..#.#
######........#.##....# #.##.#..
....<#[.#######.##....# #.##.#.S
................##...(# #.##.#..
##########......@....S####(##...#
...................o....###..#
#######...........S####)..#..#
#............# ##)..##.#
##............# #..)..[>.
#.............# #.)).##.#
#.########....# #....##.# #.#
#....# #....##.# #.# ######
#....##.#


You could see an orc warrior and 2 friendly ball pythons.

Vanquished Creatures
  The ghost of Popi the Skirmisher, an amateur HuFi (D:4)
  A water moccasin (D:5)
  An ice beast (D:5)
  An ogre (D:5)
  A bullfrog (D:6)
  2 crimson imps
  A centaur zombie (D:6)
  A jelly (D:5)
  2 hounds (D:4)
  A worker ant (D:4)
  A mummy (D:4)
  Robin (D:2)
  8 adders
  An ooze (D:1)
  An adder skeleton (D:5)
  5 worms
  4 leopard geckos
  15 orcs
  5 bats
  3 giant cockroaches
  19 goblins
  9 hobgoblins
  8 jackals
  4 quokkas
  A ball python (D:1)
  11 frilled lizards
  3 kobolds
  A quokka skeleton (D:3)
  6 rats
118 creatures vanquished.

Vanquished Creatures (collateral kills)
  Sigmund (D:5)
  Eustachio (D:6)
2 creatures vanquished.

Vanquished Creatures (others)
  A jackal skeleton (D:4)
1 creature vanquished.

Grand Total: 121 creatures vanquished

Notes
Turn   | Place    | Note
-------+----------+-------------------------------------------
     0 | D:1      | Jynx the Draconian Transmuter began the quest for the Orb.
     0 | D:1      | Reached XP level 1. HP: 16/16 MP: 3/3
   180 | D:1      | Reached XP level 2. HP: 22/23 MP: 3/5
   201 | D:1      | You fall through a shaft!
   493 | D:2      | Reached XP level 3. HP: 14/28 MP: 4/6
   678 | D:2      | Reached skill level 3 in Transmutations
   967 | D:1      | Learned a level 2 spell: Sticks to Snakes
   971 | D:1      | Learned a level 3 spell: Spider Form
  1116 | D:1      | Reached XP level 4. HP: 34/35 MP: 7/7
  1220 | D:2      | Found a faded altar of an unknown god.
  1222 | D:2      | Noticed Robin
  1469 | D:2      | Killed Robin
  1649 | D:2      | Reached skill level 1 in Poison Magic
  2049 | D:3      | Found a shattered altar of Ashenzari.
  2460 | D:3      | Reached XP level 5. HP: 30/40 MP: 7/9
  3381 | D:4      | Found a radiant altar of Vehumet.
  3407 | D:4      | Noticed Popi's ghost (amateur HuFi)
  3445 | D:4      | Killed Popi's ghost
  3445 | D:4      | Reached skill level 4 in Transmutations
  3894 | D:4      | Reached XP level 6. HP: 37/47 MP: 10/10
  3923 | D:4      | Found a sand-covered staircase.
  3961 | Ossuary  | Entered an ossuary
  4633 | D:4      | Found a sparkling altar of Nemelex Xobeh.
  4801 | D:5      | Entered Level 5 of the Dungeon
  4885 | D:5      | Noticed Sigmund
  4899 | D:5      | Killed Sigmund
  4899 | D:5      | Reached skill level 5 in Transmutations
  4899 | D:5      | Your scales start taking on a fiery red colour.
  4899 | D:5      | Reached XP level 7. HP: 52/52 MP: 5/12
  4899 | D:5      | Gained mutation: Your flesh is heat resistant. (rF+) [Red Draconian growth]
  5078 | D:5      | Found a sacrificial altar of Ru.
  5538 | D:5      | Found Wunanij's Jewellery Shop.
  5605 | D:5      | Reached skill level 5 in Unarmed Combat
  5649 | D:5      | Learned a level 5 spell: Blade Hands
  5668 | D:6      | Noticed Eustachio
  5694 | D:6      | Killed Eustachio
  5694 | D:6      | Reached skill level 6 in Transmutations
  5694 | D:6      | Reached XP level 8. HP: 30/59 MP: 11/14
  5849 | D:6      | Found a staircase to the Ecumenical Temple.
  5859 | Temple   | Entered the Ecumenical Temple
  6376 | D:6      | Hit by a stone thrown by an orc warrior

Skill      XL: |  1  2  3  4  5  6  7 |
---------------+----------------------+-----
Transmutations | 3 4 5 6 |  6.3
Poison Magic   | 1 2 3 |  3.8
Spellcasting   | 3 4 |  4.3
Unarmed Combat | 4 5 |  5.3
Fighting       | |  1.1
Dodging        | |  1.7

Action                   |  1- 3 |  4- 6 |  7- 9 || total
-------------------------+-------+-------+-------++-------
Melee: Unarmed           |   119 |   269 |   137 ||   525
       Tailslap          |    12 |    35 |    14 ||    61
       Headbutt          |     7 |    14 |     7 ||    28
       Kick              |     6 |    23 |    22 ||    51
       Punch             |     1 |     5 |     3 ||     9
 Cast: Beastly Appendage |    14 |    32 |    13 ||    59
       Sticks to Snakes  |       |     8 |     9 ||    17
  Use: Scroll            |     2 |     5 |     4 ||    11
 Stab: Sleeping          |       |       |     1 ||     1
  Eat: Chunk             |     1 |    19 |    11 ||    31
Armor: Skin              |    36 |    82 |    37 ||   155
Dodge: Dodged            |    98 |   189 |    82 ||   369
